Cogmind - Beta 17 @@@ ROGUE MODE // 2026.07.16 @ 00:41:19 Player: Ice_Kraken505 Result: Destroyed by MQ-BVY(R) with Subdweller Laser Performance ------------- Evolutions (0) 0 Regions Visited (3) 600 Robots Destroyed (4) 20 Value Destroyed (144) 144 Prototype IDs (2) 40 Alien Tech Used (0) 0 Bonus (0) 0 TOTAL SCORE: 804 Bonus ------- None Cogmind --------- Core Integrity 0/250 Matter 278/300 Energy 99/100 System Corruption 3% Temperature Cool (6) Movement Core (50) Location -10/Subcaves Parts ------- > --- POWER (1) -------- (None) > --- PROPULSION (2) --- (None) > --- UTILITY (2) ------ Signal Interpreter > --- WEAPON (2) ------- (None) > --- INVENTORY (5) ---- ECM Suite Welding Torch Peak State ------------ > --- POWER ------------ Ion Engine > --- PROPULSION ------- Wheel Compact Wheel > --- UTILITY ---------- Visual Processing Unit Signal Interpreter > --- WEAPON ----------- Assault Rifle Hammer > --- INVENTORY -------- Ion Engine Wheel Seismic Detector Small Laser Welding Torch [Rating: 8] Favorites ----------- Power Ion Engine Engine Ion Engine Propulsion Wheel Wheel Wheel Hover Unit Hover Unit Utility Signal Interpreter Device Structural Scanner Storage Small Storage Unit Processor Signal Interpreter Weapon Assault Rifle Energy Gun Small Laser Ballistic Gun Assault Rifle Special Weapon Mining Laser Impact Weapon Hammer Build | -11 -10 -10 -10 ------- Run | Yrd Mat Min Sub Slots Evolved . | . . . . Power . | . . . . Propulsion . | . . . . Utility . | . . . . Weapon . | . . . . Parts Attached 18 | 6 7 3 2 Power 1 | 1 . . . Engine 1 | 1 . . . Core . | . . . . Reactor . | . . . . Propulsion 4 | 2 1 . 1 Treads . | . . . . Leg . | . . . . Wheel 3 | 2 1 . . Hover 1 | . . . 1 Flight . | . . . . Utility 7 | 1 4 2 . Device 3 | . 2 1 . Storage 2 | 1 . 1 . Processor 2 | . 2 . . Hackware . | . . . . Protection . | . . . . Artifact . | . . . . Weapon 6 | 2 2 1 1 Energy Gun 2 | 1 . . 1 Energy Cannon . | . . . . Ballistic Gun 1 | 1 . . . Ballistic Cannon . | . . . . Launcher . | . . . . Special Weapon 2 | . 1 1 . Impact Weapon 1 | . 1 . . Slashing Weapon . | . . . . Piercing Weapon . | . . . . Special Melee Weapon . | . . . . Unidentified Prototypes . | . . . . Parts Lost 9 | . . . 9 Power 1 | . . . 1 Propulsion 3 | . . . 3 Utility 1 | . . . 1 Weapon 4 | . . . 4 Highest Loss Streak 6 | . . . 6 To Critical Strikes . | . . . . Average Backups 4 | . 4 4 3 Power . | . . . . Propulsion . | . . 1 . Utility 1 | . 1 1 1 Weapon . | . 1 1 . Tool/Special . | . . . . Unused Backups 4 | . 3 . 1 Power 1 | . 1 . . Propulsion . | . . . . Utility 2 | . 1 . 1 Weapon 1 | . 1 . . Tool/Special . | . . . . Average Slot Usage (%) 95 | . 98 100 63 Engine 13 | . 14 14 5 Wheel 27 | . 28 28 18 Device 6 | . 3 8 6 Storage 3 | . 3 5 . Processor 16 | . 19 14 14 Energy Gun 11 | . 8 13 12 Ballistic Gun 12 | . 13 14 3 Special Weapon 2 | . 4 . . Peak Build Rating 8 | 6 8 8 8 Average Rating 6 | 4 7 7 5 On Entrance 5 | . 6 8 7 Avg Prop Armor Cover (%) 12 | . . . 12 Naked Turns . | . . . . Heaviest Build 14 | 13 14 13 9 Greatest Support 26 | 26 26 20 20 Greatest Overweight (x) 1 | . . . 1 Average Overweight (x) . | . . . . Largest Inventory Capacity 8 | 8 8 8 5 Average Capacity 5 | 7 5 6 5 Most Carried 6 | 2 6 6 4 Average Carried 4 | . 4 4 3 Final Capacity 8 | 8 5 5 5 Final Carried 5 | 2 5 4 2 Class Distribution -------------------- 100% | Mutant Dominant Class ---------------- Mutant | -10/Materials Mutant | -10/Mines Mutant | -10/Subcaves Resources | -11 -10 -10 -10 ----------- Run | Yrd Mat Min Sub Matter Collected 552 | 168 269 95 20 Remotely . | . . . . Salvage Created 120 | . 100 . 20 Parts 4 | . 3 . 1 Haulers Intercepted . | . . . . Recyclers Shooed . | . . . . Parts Field Recycled . | . . . . Retrieved Matter . | . . . . Parts Self-Destructed 6 | . . . 6 Prevented . | . . . . Parts Restored . | . . . . Kills | -11 -10 -10 -10 ------- Run | Yrd Mat Min Sub Combat Hostiles Destroyed 3 | . 2 . 1 Guns 2 | . 2 . . Cannons 1 | . . . 1 Classes Destroyed 3 | . 2 . 1 Mechanic 1 | . 1 . . Grunt 2 | . 2 . . Subdweller 1 | . . . 1 Best Kill Streak 1 | . 1 . 1 Combat Bots Only 1 | . 1 . 1 Max Kills in Single Turn 1 | . 1 . 1 Gunslinging . | . . . . Exploded . | . . . . Melee . | . . . . Uniques/NPCs Destroyed . | . . . . Combat | -11 -10 -10 -10 -------- Run | Yrd Mat Min Sub Hostile Shots Fired 54 | . 16 . 38 Missed 12 | . 1 . 11 Hits 42 | . 15 . 27 Projectile 42 | . 15 . 27 Critical Strikes 1 | . . . 1 Damage Taken 767 | . 241 . 526 Core 251 | . 81 . 170 Absorbed by Shields . | . . . . Regen/Repaired (Parts) 1 | . 1 . . Core Remaining (%) 100 | 100 . . . Volleys Fired 35 | . 18 1 16 Largest 2 | . 2 1 2 Hottest 140 | . 120 100 140 Shots Fired 53 | . 30 2 21 Gun 47 | . 26 1 20 Cannon . | . . . . Launcher . | . . . . Special 6 | . 4 1 1 Kinetic 18 | . 14 . 4 Thermal 35 | . 16 2 17 Explosive . | . . . . Electromagnetic . | . . . . Robot Hit Streak 20 | . 7 . 20 Robot Miss Streak 2 | . 2 . 1 Penetration Max . | . . . . Secondary Targets 1 | . 1 . . Max Gunslinging Chain 1 | . 1 . . Shots Hit Robots 39 | . 19 . 20 Core Hits 9 | . 6 . 3 Critical Kills . | . . . . Critical Parts Destroyed . | . . . . Critical Strikes . | . . . . Melee Attacks 2 | . 2 . . Impact 2 | . 2 . . Slashing . | . . . . Piercing . | . . . . Sneak Attacks 1 | . 1 . . Combat Hostiles . | . . . . Follow-up Attacks . | . . . . Damage Inflicted 567 | . 268 . 299 Guns 479 | . 204 . 275 Cannons . | . . . . Explosions . | . . . . Melee 40 | . 40 . . Ramming . | . . . . Kinetic 143 | . 100 . 43 Thermal 384 | . 128 . 256 Explosive . | . . . . Electromagnetic . | . . . . Impact 40 | . 40 . . Slashing . | . . . . Piercing . | . . . . Highest Corruption 3 | . 3 3 3 Average Corruption 2 | . 1 3 3 Corruption Purged . | . . . . Corruption Blocked . | . . . . Effects 17 | . 3 11 3 Message Errors 3 | . . 1 2 Matter Fused 5 | . 1 4 . Heat Flow Errors 3 | . . 2 1 Energy Discharges 1 | . . 1 . Data Loss (minor) 3 | . 1 2 . Misfires 1 | . . 1 . Weapon Failures 1 | . 1 . . Overload Shots . | . . . . Overflow Damage . | . . . . Projectiles . | . . . . Explosions . | . . . . Melee . | . . . . Knockbacks . | . . . . Impact . | . . . . Kinetic . | . . . . Secondary . | . . . . Self-Inflicted Damage . | . . . . Shots . | . . . . Rammed . | . . . . Targets Rammed . | . . . . Kicked . | . . . . Crushed . | . . . . Highest Temperature 208 | . 96 208 185 Average Temperature 60 | . 43 87 81 Received Heat Transfer 288 | . 135 . 153 Siege Activations . | . . . . Martial Activations . | . . . . Shielding Activations . | . . . . Robots Disrupted . | . . . . Combat Hostiles . | . . . . Robots Corrupted 1 | . 1 . . Combat Hostiles . | . . . . Parts Fried 1 | . 1 . . Impact Corruptions 1 | . 1 . . Robots Melted . | . . . . Combat Hostiles . | . . . . Parts Melted . | . . . . Heat Transferred 700 | . 275 . 425 Parts Sabotaged . | . . . . Parts Stolen . | . . . . Parts Stripped . | . . . . Power Chain Reactions . | . . . . Alert | -11 -10 -10 -10 ------- Run | Yrd Mat Min Sub Maximum Alert Level . | . . . . Low Security (%) 100 | 100 100 100 . Level 1 . | . . . . Level 2 . | . . . . Level 3 . | . . . . Level 4 . | . . . . Level 5 . | . . . . High Security . | . . . . Max Security . | . . . . Peak Influence 72 | . 72 19 . Initial 19 | . . 19 . Average 3 | . 7 . . Influence Increases 157 | . 156 1 . Destroy 0b10 Robot/C 40 | . 40 . . Destroy 0b10 Robot/NC 5 | . 5 . . Destroy Leader 10 | . 10 . . Successful Hack 23 | . 23 . . Disable Machine 15 | . 15 . . Destroy Structure 4 | . 3 1 . Lose Combat Pursuer 60 | . 60 . . Influence Decreases 157 | . 104 53 . Entered New Map 33 | . . 33 . Time Decay 124 | . 104 20 . Squads Dispatched 1 | . 1 . . Investigation . | . . . . Extermination . | . . . . Reinforcement 1 | . 1 . . Assault . | . . . . Garrison . | . . . . Intercept . | . . . . Searches Triggered . | . . . . Construction Impeded . | . . . . Haulers Reinforced . | . . . . Active Scanning Responses . | . . . . Cargo Convoy Interrupts . | . . . . Stealth | -11 -10 -10 -10 --------- Run | Yrd Mat Min Sub Distress Signals 1 | . 1 . . Communications Jammed . | . . . . Distress Signals . | . . . . Times Spotted 14 | . 8 . 6 Peak Tracking Total 3 | . 2 . 3 Tactical Retreats 3 | . 2 . 1 Traps | -11 -10 -10 -10 ------- Run | Yrd Mat Min Sub Traps Triggered 2 | . 2 . . Indirectly . | . . . . Trap Hack Attempts . | . . . . Triggered . | . . . . Disarmed . | . . . . Reprogrammed . | . . . . Reused . | . . . . Traps Extracted . | . . . . Installed . | . . . . Triggered . | . . . . Machines | -11 -10 -10 -10 ---------- Run | Yrd Mat Min Sub Machines Disabled 1 | . 1 . . Max in Single Turn 1 | . 1 . . Machines Repaired . | . . . . Machines Dismantled . | . . . . Machines Sabotaged . | . . . . Overloaded Fab Kills . | . . . . Hacking | -11 -10 -10 -10 --------- Run | Yrd Mat Min Sub Machines Accessed 6 | . 6 . . Terminals 4 | . 4 . . Fabricators . | . . . . Repair Stations 1 | . 1 . . Recycling Units 1 | . 1 . . Scanalyzers . | . . . . Garrison Access . | . . . . Total Hacks 18 | . 18 . . Successful 13 | . 13 . . Failed 5 | . 5 . . Catastrophic 1 | . 1 . . Database Lockouts . | . . . . Manual 3 | . 3 . . Terminals 12 | . 12 . . Fabricators . | . . . . Repair Stations 4 | . 4 . . Recycling Units 2 | . 2 . . Scanalyzers . | . . . . Garrison Access . | . . . . Terminal Hacks 6 | . 6 . . Prototype ID Bank 1 | . 1 . . Branch Access Points 1 | . 1 . . Emergency Access Points 1 | . 1 . . Locate Traps 1 | . 1 . . Registered Components 1 | . 1 . . Zone Layout 1 | . 1 . . Fabricator Hacks . | . . . . Repair Station Hacks 3 | . 3 . . Scan Component 2 | . 2 . . Repair 1 | . 1 . . Recycling Unit Hacks 2 | . 2 . . Report Inventory 1 | . 1 . . Retrieve Components 1 | . 1 . . Scanalyzer . | . . . . Garrison Access Hacks . | . . . . Unauthorized Hacks 2 | . 2 . . Terminals 2 | . 2 . . Track 2 | . 2 . . Fabricators . | . . . . Repair Stations . | . . . . Recycling Units . | . . . . Scanalyzers . | . . . . Garrison Access . | . . . . Data Cores Recovered . | . . . . Used . | . . . . Hacking Detections 4 | . 4 . . Full Trace Events 3 | . 3 . . Feedback Events 1 | . 1 . . Corruption 1 | . 1 . . Feedback Blocked . | . . . . Robot Schematics Acquired . | . . . . Robots Built . | . . . . Authchips . | . . . . Time . | . . . . Total Robot Build Rating . | . . . . Part Schematics Acquired . | . . . . Parts Built . | . . . . Authchips . | . . . . Time . | . . . . Total Part Build Rating . | . . . . Part Studies Acquired . | . . . . Parts Repaired 1 | . 1 . . Time 26 | . 26 . . Parts Recycled . | . . . . Recycled Matter . | . . . . Retrieved Matter . | . . . . Retrieved Components 10 | . 10 . . Parts Scanalyzed . | . . . . Part Schematics Acquired . | . . . . Parts Damaged . | . . . . Bothacking | -11 -10 -10 -10 ------------ Run | Yrd Mat Min Sub Used RIF Installer . | . . . . Robots Hacked . | . . . . Non-combat . | . . . . Combat . | . . . . Robot Hacks Applied . | . . . . Relay Couplers Released . | . . . . Fabnet Peak Effective % . | . . . . Robots Rewired . | . . . . Allies Hacked . | . . . . Hacks Repelled . | . . . . Allies | -11 -10 -10 -10 -------- Run | Yrd Mat Min Sub Total Allies . | . . . . Largest Group . | . . . . Highest-Rated Group . | . . . . Highest-Rated Ally . | . . . . Total Orders . | . . . . Ally Attacks . | . . . . Total Damage . | . . . . Kills . | . . . . Allies Corrupted . | . . . . Allies Melted . | . . . . Intel | -11 -10 -10 -10 ------- Run | Yrd Mat Min Sub Active Infowar (turns) 1247 | . 703 467 77 Optics 477 | . 466 11 . Sensors 167 | . 167 . . Structural 527 | . . 450 77 Seismic 76 | . 70 6 . Robot Analysis Total . | . . . . Derelict Logs Recovered 1 | . . 1 . Drone Launches . | . . . . Drone Recoveries . | . . . . Exploration | -11 -10 -10 -10 ------------- Run | Yrd Mat Min Sub Turns Passed 1810 | 51 824 764 171 Spaces Moved 1810 | 45 677 919 169 Core 39 | 1 . . 38 Treads . | . . . . Legs . | . . . . Wheels 1744 | 44 677 919 104 Hover 27 | . . . 27 Flight . | . . . . Fastest Speed 50 | 50 80 80 50 Average Speed 81 | 89 83 80 73 Slowest Speed 100 | 100 90 80 100 Overloaded Moves . | . . . . Propulsion Burnouts . | . . . . Robots Hopped . | . . . . Potential Cave-ins . | . . . . Cave-ins Triggered . | . . . . Exploration Rate (%) 47 | 4 73 99 15 Regions Visited 3 Branch Regions 2 Pre-discovered Areas . | . . . . Known Exits Taken 2 | . 1 1 . Unknown Exits Taken 1 | 1 . . . Scrap Searched 2 | . . 2 . Spaces Dug 4 | . 3 1 . Terrain Destroyed 4 | . 3 1 . Melee . | . . . . Projectile 4 | . 3 1 . AOE . | . . . . Terrain Rammed . | . . . . Walls Destroyed . | . . . . Machines Disabled . | . . . . Actions | -11 -10 -10 -10 --------- Run | Yrd Mat Min Sub Total 2076 | 52 888 944 192 Wait 170 | . 157 11 2 Move 1807 | 44 676 918 169 Hop . | . . . . Pick Up 16 | 2 11 3 . Fast Attach 9 | 6 2 1 . Attach 8 | . 3 2 3 Detach 2 | . 1 1 . Swap 16 | . 10 4 2 Drop 11 | . 8 3 . Fire 35 | . 18 1 16 Melee 2 | . 2 . . Ram . | . . . . Kick . | . . . . Crush . | . . . . Escape Stasis . | . . . . Rewire . | . . . . Trap . | . . . . Miscellaneous . | . . . . Route ------- -11/Scrapyard -10/Materials (discovered 2 exits: *Mat / *Min) -10/Mines (discovered 4 exits: *Mat x2 / *Exi / *Sub) -10/Subcaves History --------- Turn | Location | Event 19 | -11/Scrapyard | Discovered new exit (range 16) 52 | -11/Scrapyard | Entered Materials 312 | -10/Materials | Build established: Mutant 399 | -10/Materials | Discovered new exit (range 6) 419 | -10/Materials | Identified exit to Mines 616 | -10/Materials | Repaired Hover Unit 728 | -10/Materials | Discovered new exit (range 18) 876 | -10/Materials | Entered Mines 943 | -10/Mines | Deemed a non-threat by the Exiles lab entrance 943 | -10/Mines | Discovered new exit (range 5) 946 | -10/Mines | Identified exit to Exiles 981 | -10/Mines | Received a Rocket Launcher from a helpful Derelict 1006 | -10/Mines | Learned 4 Materials zone layouts 1197 | -10/Mines | Discovered new exit (range 9) 1204 | -10/Mines | Identified exit to Materials 1366 | -10/Mines | Discovered new exit (range 14) 1378 | -10/Mines | Identified exit to Subcaves 1508 | -10/Mines | Discovered exit to Materials (range 9) 1640 | -10/Mines | Entered Subcaves 1697 | -10/Subcaves | Disturbed a concealed Subdweller 1755 | -10/Subcaves | Lost 6 parts (1p1n1u3w) 1786 | -10/Subcaves | Core integrity fell below 50% 1807 | -10/Subcaves | Core integrity fell below 20% 1811 | -10/Subcaves | Destroyed by MQ-BVY(R) with Subdweller Laser Last Messages --------------- Subatomizers dissect the Sub. Laser. Mining Laser destroyed. Ion Engine destroyed. System corrupted: Heat flow error (+204). Sml. Laser destroyed. MQ-BVY(R) affixes Scrap Shield Fragment to Scrap Shield. Structural Scanner destroyed. MQ-BVY(R) affixes Scrap Shield Fragment to Scrap Shield. Wheel destroyed. SBGC878ZBMH6H>QS4YACUO:CW7VFLDORPNL6QYL Hover Unit destroyed. Wheel destroyed. Critical hit (Burn: +37). Sub. Laser destroyed. Lgt. Armor Plating fries itself beyond repair. Subatomizers dissect the Imp. Ion Engine. Imp. Ion Engine fries itself beyond repair. Heat Sink fries itself beyond repair. Map ----- +----------------------------------------------------+ | ????????????????#### ##### ##????? | | ????????????????## ### ##????? | | ????????????????## #### #####????? | | ????????????##??##### ### ######????? | | ???????????## #?##### ###?# # ##????? | | ???????????# ##### ##### #????? | | ???????????# ### ############## #????? | | ???????????## ############# ##???? | | ????????????## ##### ##??## ## #???? | | ????????????#### #?## ### #???? | | ????????????##### # ### #######???? | | ??????????????#### ### ## #????????? | | ???????????????### ### ## ## #????????? | | ???????????????## ###### #####?###????? | | ???????????????##### ##### # % ##?????# ##???? | | ???????????????########??#### R #?????## #???? | | ??????????????????####??##### #?###?# #???? | | ????????????????????????# ### ### #????? | | ????????????????????????# ## ##????? | | ???????????? ??????###?# #?????? | | ???????????? ???## ## ##????? | | ?????????????# ## # #????? | | ????????????## ### #????? | | ???????????? ##?# ### #????? | | ????????????? ## #??# #?## ##????? | | ?????????? @ #??# ##??# ##?????? | | ?????????? #??###???# ####??????? | | ?????????? #### #????????# ?????????? | | ????????????????????# #???????? ?????????? | | ???????????????????# ??????? ?????????? | | ???????????????????####### ?????# ????????? | | ?????????????????????????# ???? ##????????? | | ?????????????????????????## ?? #??????????? | | ??????????????????????????# ???????????? | | ??????????????????????????? ##?# #???????????? | | ??????????????????????????? #????#????????????? | | ??????????????????????????? #?????????????????? | | ??????????????????????????? ?????????????????? | | ??????????????????????????? ?????????????????? | | ??????????????????????????? ??????????????????? | | ??????????????????????????? ???????????????????? | | ?????????????????????????????????????????????????? | | ?????????????????????????????????????????????????? | | ?????????????????????????????????????????????????? | | ?????????????????????????????????????????????????? | | ?????????????????????????????????????????????????? | | ?????????????????????????????????????????????????? | | ?????????????????????????????????????????????????? | | ?????????????????????????????????????????????????? | | ?????????????????????????????????????????????????? | +----------------------------------------------------+ Best States ------------- Heat Dissipation 25 Energy Generation 10 Energy Capacity 250 Matter Stores 300 Matter Capacity 300 Sight Range 18 Robot Scan Range 14 Terrain Scan Density 10 Evasion (%) 52 Item Schematics ----------------- None Robot Schematics ------------------ None Fabricated ------------ Nothing Repaired ---------- Hover Unit | 96% | -10/Materials Studied --------- None Alien Tech Used ----------------- None Achievements -------------- None Challenges ------------ None Game ------ Seed ScatterSpreadStabilizer Manual? 0 Play Time 00:28:42 Cumulative 23.0 hours Start 2026.07.16 @ 00:10:59 End 2026.07.16 @ 00:41:19 Sessions 1 Manual Loads 0 Difficulty Rogue Special Mode None Game No. 27 Rogue 27 Adventurer 0 Explorer 0 Win Type - Total 0 Types 0/0/0/0/0/0/0/0/0/0 Lore% 18 Gallery% 22 Achievement% 14 Wizard Run 0 Options --------- Layout 1 ASCII 0 Keyboard 1 Movement Arrows Keybinds 0 Fullscreen 1 Font 24/Smallcaps Map View 50x35 Zoom Use 0% Tactical HUD 0 Map Filters NONE Filters NONE Steam 1 RUN: 42818357-5d33-4b6c-a218-a435555a817b